 Dungeon Crawl Stone Soup version 0.24-a0-464-g6b2be6b8c7 (webtiles) character file.

Game seed: 3030644233007448009

931 George the Chopper (level 7, -16/52 HPs)
             Began as a Mummy Fighter on July 3, 2019.
             Demolished by Pikel
             ... wielding a +1 whip of electrocution
              (17 damage)
             ... on level 5 of the Dungeon.
             The game lasted 00:06:34 (4428 turns).

George the Chopper (Mummy Fighter)                  Turns: 4428, Time: 00:06:34

Health: -16/52     AC: 12    Str: 21    XL:     7   Next: 86%
Magic:  0/7        EV:  3    Int:  7    God:
Gold:   223        SH:  9    Dex: 12    Spells: 6/6 levels left

rFire    x . .     SeeInvis .   a - +0 war axe
rCold    + . .     Gourm    .   c - +0 shield
rNeg     + + +     Faith    .   k - +0 plate armour
rPois    ∞         Spirit   +   (no helmet)
rElec    .         Reflect  .   g - scarf {Spirit}
rCorr    .         Harm     .   (no gloves)
MR       .....                  e - +0 pair of boots
Stlth    ..........             i - amulet of the acrobat
HPRegen  0.17/turn              (no ring)
MPRegen  0.10/turn              (no ring)

@: no status effects
A: no food or potions, fire vulnerability, cold resistance 1, negative energy
resistance 3, torment resistance, unbreathing
a: no special abilities


You were on level 5 of the Dungeon.
You were not hungry.

You visited 1 branch of the dungeon, and saw 5 of its levels.

You collected 223 gold pieces.

Inventory:

Hand Weapons
 a - a +0 war axe (weapon)
Missiles
 p - 3 boomerangs (quivered)
Armour
 c - a +0 shield (worn)
 e - a +0 pair of boots (worn)
 g - a scarf of spirit shield (worn)
 k - a +0 plate armour (worn)
Jewellery
 i - an amulet of the acrobat (around neck)
 m - an uncursed amulet of guardian spirit {unknown}
Wands
 b - a wand of acid (4)
Scrolls
 d - 2 scrolls of identify {unknown}
 f - 2 scrolls of noise {unknown}
 h - 2 scrolls of amnesia {unknown}
 j - a scroll of fog {unknown}
 l - 4 scrolls of magic mapping {unknown}
 n - a scroll of immolation {unknown}
 o - a scroll of remove curse {unknown}


   Skills:
 - Level 3.0 Fighting
 + Level 7.7 Axes
 - Level 2.4 Armour
 - Level 2.4 Shields


You had 6 spell levels left.
You didn't know any spells.
Your spell library contained the following spells:

 Spells                   Type           Power        Failure   Level  Hunger
 Sticks to Snakes         Tmut           #.......     100%        2    N/A
 Beastly Appendage        Tmut           Unusable     N/A         1    N/A
 Spider Form              Tmut/Pois      Unusable     N/A         3    N/A
 Ice Form                 Ice/Tmut       Unusable     N/A         4    N/A
 Blade Hands              Tmut           Unusable     N/A         5    N/A

Dungeon Overview and Level Annotations

Branches:
Dungeon (5/15)
 Temple: D:4-7

Altars:
Fedhas
Kikubaaqudgha
Yredelemnul

Annotations:
D:5 Pikel


Innate Abilities, Weirdness & Mutations

You do not eat or drink.
Your flesh is vulnerable to fire.
You are immune to poison.
Your flesh is cold resistant. (rC+)
You are immune to negative energy. (rN+++)
You are immune to unholy pain and torment.
You can survive without breathing.


Message History

You closely miss Pikel.
Pikel is almost dead.
You barely miss the slave. The slave hits you.
* * * LOW HITPOINT WARNING * * *
Pikel hits you but does no damage. The slave hits you but does no damage.
You completely miss Pikel.
Pikel is almost dead.
You closely miss the slave. Pikel barely misses you.
You block the slave's attack.
You closely miss Pikel.
Pikel is almost dead.
You hit the slave. Pikel hits you but does no damage. The slave hits you.
* * * LOW HITPOINT WARNING * * *
You closely miss Pikel.
Pikel is almost dead.
You hit the slave. Pikel hits you but does no damage.
You are electrocuted!
* * * LOW HITPOINT WARNING * * *
You block the slave's attack. Pikel hits you but does no damage.
You are electrocuted!
You die...

######
#p...###.##.
#pK#....p...
###@######....
#.....># ##
##.#.##.#
#.......#
#...#.##.#
#.#..#.##.#
###.......# #
#.##.##.# #
#.......# #


You could see Pikel and 2 slaves.

Vanquished Creatures
  Grinder (D:3)
  2 slaves (D:5)
  A centaur (D:5)
  Blork the orc (D:5)
  A scorpion (D:4)
  2 howler monkeys (D:4)
  A crimson imp (D:5)
  A bullfrog zombie (D:5)
  An orc priest (D:5)
  A centaur skeleton (D:5)
  2 iguanas
  4 orc wizards (D:5)
  A worker ant (D:4)
  3 adders
  An ooze (D:3)
  An adder skeleton (D:4)
  A worm (D:3)
  A dart slug (D:1)
  3 leopard geckos
  14 orcs
  9 bats
  3 giant cockroaches
  2 gnoll zombies (D:4)
  11 goblins
  10 hobgoblins
  3 jackals (D:1)
  4 kobolds
  A quokka (D:4)
  A ball python (D:3)
  6 frilled lizards
  A leopard gecko skeleton (D:4)
  A quokka skeleton (D:5)
  9 rats
104 creatures vanquished.

Notes
Turn   | Place    | Note
-------+----------+-------------------------------------------
     0 | D:1      | George the Mummy Fighter began the quest for the Orb.
     0 | D:1      | Reached XP level 1. HP: 18/18 MP: 1/1
    80 | D:1      | Reached skill level 2 in Axes
   100 | D:1      | Reached XP level 2. HP: 24/24 MP: 2/2
   595 | D:2      | Reached XP level 3. HP: 29/29 MP: 3/3
   639 | D:2      | Reached skill level 3 in Axes
  1632 | D:3      | Reached XP level 4. HP: 35/35 MP: 4/4
  1662 | D:3      | Noticed Grinder
  1706 | D:3      | Paralysed by Grinder for 4 turns
  1738 | D:3      | Paralysed by Grinder for 7 turns
  1762 | D:3      | Paralysed by Grinder for 6 turns
  1768 | D:3      | Killed Grinder
  1768 | D:3      | Reached skill level 5 in Axes
  1768 | D:3      | Reached XP level 5. HP: 21/41 MP: 2/5
  1768 | D:3      | Reached XP level 6. HP: 24/47 MP: 2/6
  2157 | D:3      | Found a blossoming altar of Fedhas.
  2431 | D:4      | Found an ancient bone altar of Kikubaaqudgha.
  2542 | D:4      | Reached skill level 6 in Axes
  3321 | D:4      | Found a basalt altar of Yredelemnul.
  3473 | D:5      | Entered Level 5 of the Dungeon
  3521 | D:5      | Reached XP level 7. HP: 52/52 MP: 7/7
  3796 | D:5      | Reached skill level 7 in Axes
  4095 | D:5      | Noticed Blork the orc
  4107 | D:5      | Killed Blork the orc
  4410 | D:5      | Noticed Pikel
  4428 | D:5      | HP: 1/52 [Pikel/+1 whip of electrocution (10)]
  4428 | D:5      | Demolished by Pikel

Levels and vault maps discovered:
D:1:      kennysheep_arrival_seaside, layout_rooms
D:2:      layout_loops_corners, first_ration, kennysheep_small_spiral
D:3:      layout_loops_ring, lemuel_crystal_altar, hangedman_decor_slide_cut,
          uniq_grinder
D:4:      layout_basic, kiku_gazebo_garden_becter,
          lemuel_zombie_altar_yredelemnul
D:5:      layout_loops_cross, hangedman_abyss_or_decor_jellyfish_corner,
          uniq_pikel, uniq_blork_the_orc

Skill      XL: |  1  2  3  4  5  6  7 |
---------------+----------------------+-----
Axes           | 2 3 5 6 7 |  7.7
Fighting       | |  3.0
Armour         | |  2.4
Shields        | |  2.4

Action                   |  1- 3 |  4- 6 |  7- 9 || total
-------------------------+-------+-------+-------++-------
Melee: War axe           |   136 |   161 |   135 ||   432
Armor: Scale mail        |    50 |       |       ||    50
       Plate armour      |    20 |    91 |    80 ||   191
Dodge: Dodged            |    44 |    31 |    19 ||    94
Block: Shield            |    71 |    61 |    60 ||   192

Table legend:
 A = Non-vault XP
 B = Vault XP
 C = Vault XP percentage of total XP
 D = Non-vault monster count
 E = Vault monster count
 F = Vault count percentage of total count
                 A         B        C        D         E       F
            +---------+---------+-------+---------+---------+-------
      Total |     943 |     388 |  29.2 |      98 |       4 |   3.9
            +---------+---------+-------+---------+---------+-------
        D:1 |      40 |       0 |   0.0 |      23 |       0 |   0.0
        D:2 |      25 |       0 |   0.0 |      16 |       0 |   0.0
        D:3 |      75 |     286 |  79.2 |      23 |       1 |   4.2
        D:4 |     277 |       3 |   1.1 |      12 |       2 |  14.3
        D:5 |     526 |      99 |  15.8 |      24 |       1 |   4.0
            +---------+---------+-------+---------+---------+-------
